 Dungeon Crawl Stone Soup version 0.25-a0-316-gd28d56f9c5 (webtiles) character file.

Game seed: 13795930238428985264, levelgen mode: classic

158 Borgoz the Chopper (level 5, -3/48 HPs)
             Began as a Gargoyle Berserker on Dec 24, 2019.
             Was a Believer of Trog.
             Slain by a gnoll
             ... wielding a +0 spear
              (6 damage)
             ... on level 3 of the Dungeon.
             The game lasted 00:02:05 (1872 turns).

Borgoz the Chopper (Gargoyle Berserker)             Turns: 1872, Time: 00:02:06

Health: -3/48      AC:  6    Str: 26    XL:     5   Next: 40%
Magic:  5/5        EV: 13    Int:  7    God:    Trog [**....]
Gold:   74         SH:  0    Dex: 10    Spells: 4/4 levels left

rFire    . . .     SeeInvis .   a - +0 hand axe
rCold    . . .     Gourm    .   (no shield)
rNeg     + . .     Faith    .   b - +0 animal skin
rPois    ∞         Spirit   .   (no helmet)
rElec    +         Reflect  .   (no cloak)
rCorr    .         Harm     .   (no gloves)
MR       .....                  (no boots)
Stlth    ..........             (no amulet)
HPRegen  0.16/turn              (no ring)
MPRegen  0.09/turn              (no ring)

@: berserking (expiring), very quick
A: negative energy resistance 1, electricity resistance, unbreathing,
petrification resistance, rot immunity, AC +4
a: Berserk, Trog's Hand, Renounce Religion


You were on level 3 of the Dungeon.
You worshipped Trog.
Trog was pleased with you.
You were very hungry.

You visited 1 branch of the dungeon, and saw 3 of its levels.

You collected 74 gold pieces.

Inventory:

Hand Weapons
 a - a +0 hand axe (weapon)
Armour
 b - a +0 animal skin (worn)
Jewellery
 n - an uncursed ring of wizardry
Scrolls
 d - a scroll of magic mapping {unknown}
 e - 2 scrolls of remove curse {unknown}
 h - a scroll of teleportation
 i - a scroll of identify
 j - a scroll of enchant armour {unknown}
 l - a scroll of fog {unknown}
 o - a scroll of amnesia {unknown}
Potions
 g - a potion of flight
 k - a potion of lignification {unknown}
 m - a potion of curing
Comestibles
 c - 7 rations
 f - 9 chunks of flesh


   Skills:
 - Level 3.2 Fighting
 * Level 3.9 Axes
 + Level 3.2 Armour
 * Level 3.1 Dodging


You had 4 spell levels left.
You didn't know any spells.
Your spell library was empty.

Dungeon Overview and Level Annotations

Branches:
Dungeon (3/15)

Altars:
Ru


Innate Abilities, Weirdness & Mutations

You are resistant to torment.
Your stone body is resilient. (AC +4)
You are immune to poison.
You resist negative energy. (rN+)
You are resistant to electric shocks. (rElec)
You can survive without breathing.
You are immune to petrification.
You are immune to rotting.


Message History

The gnoll is severely wounded.
You slash the giant cockroach!
You kill the giant cockroach!
Trog accepts your kill.
You hit the gnoll.
You kill the gnoll!
Trog accepts your kill.
You closely miss the gnoll.
The gnoll is severely wounded.
The gnoll hits you.
* * * LOW HITPOINT WARNING * * *
You slash the gnoll!
You kill the gnoll!
Trog accepts your kill. The gnoll closely misses you.
You are feeling very hungry.
You closely miss the gnoll. The gnoll hits you with a +0 spear.
* * * LOW HITPOINT WARNING * * *
The gnoll barely misses you. The gnoll hits you with a +0 spear.
You die...

#####....... .........
#........... .........
.##........... #.......
..#...........
#......##..#...........
##..........#...........
#.........#.#.....†.....
..........#.#......#####
......g@g.#.#...........
..>...[)..#.###.........
....>..)..#.# #.........
........)...###.........
(.......................
#.......................
#...................^...
...............#########
.............## #......


You could see 2 gnolls.

Vanquished Creatures
  An orc wizard (D:3)
  3 gnolls
  3 adders
  An ooze (D:1)
  A worm (D:2)
  4 orcs (D:3)
  A ball python (D:1)
  10 bats
  7 giant cockroaches
  8 goblins
  12 hobgoblins
  3 frilled lizards
  7 kobolds
  9 rats
70 creatures vanquished.

Notes
Turn   | Place    | Note
-------+----------+-------------------------------------------
     0 | D:1      | Borgoz the Gargoyle Berserker began the quest for the Orb.
     0 | D:1      | Reached XP level 1. HP: 14/14 MP: 1/1
    83 | D:1      | Reached XP level 2. HP: 14/19 MP: 2/2
   277 | D:1      | Reached XP level 3. HP: 9/23 MP: 3/3
   759 | D:2      | Reached ** piety under Trog
   992 | D:2      | Reached XP level 4. HP: 21/28 MP: 4/4
  1193 | D:2      | Found a sacrificial altar of Ru.
  1688 | D:3      | Reached XP level 5. HP: 28/32 MP: 5/5
  1872 | D:3      | Slain by a gnoll

Levels and vault maps discovered:
D:1:      lightli_arrival_isolated_outpost, layout_rooms
D:2:      layout_basic, first_ration, nicolae_ru_awakened_eye
D:3:      layout_basic

Skill      XL: |  1  2  3  4  5 |
---------------+----------------+-----
Axes           | 3 |  3.9
Dodging        | 2 3 |  3.1
Armour         | 3 |  3.2
Fighting       | |  3.2

Action                   |  1- 3 |  4- 6 || total
-------------------------+-------+-------++-------
Melee: Hand axe          |    92 |    93 ||   185
Invok: Berserk           |     1 |     1 ||     2
  Use: Scroll            |       |     3 ||     3
 Stab: Sleeping          |       |     1 ||     1
  Eat: Chunk             |     1 |     3 ||     4
Armor: Animal skin       |    27 |    27 ||    54
Dodge: Dodged            |    55 |    75 ||   130

Table legend:
 A = Non-vault XP
 B = Vault XP
 C = Vault XP percentage of total XP
 D = Non-vault monster count
 E = Vault monster count
 F = Vault count percentage of total count
                 A         B        C        D         E       F
            +---------+---------+-------+---------+---------+-------
      Total |     227 |       0 |   0.0 |      70 |       0 |   0.0
            +---------+---------+-------+---------+---------+-------
        D:1 |      60 |       0 |   0.0 |      28 |       0 |   0.0
        D:2 |      51 |       0 |   0.0 |      25 |       0 |   0.0
        D:3 |     116 |       0 |   0.0 |      17 |       0 |   0.0
            +---------+---------+-------+---------+---------+-------
